 Dungeon Crawl Stone Soup version 0.32-a0-411-g744942f433 (webtiles) character file.

Game seed: 14111843116293433695

464 ezpacito the Trooper (level 6, -2/108 HPs)
             Began as a Demonspawn Chaos Knight on Feb 20, 2024.
             Was a Plaything of Xom.
             Incinerated by a bombardier beetle (6 damage)
             ... with a burning spray
             ... in a sewer.
             The game lasted 00:08:17 (2920 turns).

ezpacito the Trooper (Demonspawn Chaos Knight)      Turns: 2920, Time: 00:08:18

Health: -2/108     AC: 23    Str: 13    XL:     6   Next: 80%
Magic:  5/7        EV:  2    Int: 12    God:    Xom [..*...]
Gold:   156        SH:  0    Dex: 18    Spells: 2/8 levels left

rFire   . . .        a - +1 hand axe (chaos)
rCold   . . .        (no shield)
rNeg    . . .        j - melded +2 leather armour {rC+}
rPois   +            (helmet currently unavailable)
rElec   .            (cloak currently unavailable)
rCorr   .            r - melded +0 pair of gloves
SInv    .            (boots currently unavailable)
Will    ++...        g - amulet of faith Stlth
                     h - ring of flight
HPRegen 0.38/turn    (no ring)
MPRegen 0.10/turn

%: faith
@: brilliant, berserking, on fire, tree-form, very slightly contaminated,
slowed, glowing
A: stationary, stasis, torment immunity, boosted hp, (claws 1), thin skeletal
structure 1, powered by pain 1, (hooves 1), (horns 2), agile 1, low MP 1,
strong-willed 2, sense surroundings 2, (shaggy fur 1)
a: Renounce Religion


You were in a sewer.
You worshipped Xom.
You were a toy of Xom.
You were a tree.
You visited 1 branch of the dungeon, and saw 4 of its levels.
You also visited: Sewer.

You collected 192 gold pieces.
You spent 36 gold pieces at shops.

Inventory:

Hand Weapons
 a - a +1 hand axe of chaos (weapon)
Missiles
 d - 2 boomerangs
 n - 15 poisoned darts (quivered)
Armour
 e - a +0 chain mail
 j - a +2 leather armour of cold resistance (melded)
 r - a +0 pair of gloves (melded)
Magical Staves
 k - a staff of alchemy
 o - a staff of cold
Jewellery
 g - an amulet of faith (around neck)
 h - a ring of flight (left branch)
Talismans
 v - a flux talisman
Wands
 c - a wand of flame (23)
 l - a wand of mindburst (17)
Scrolls
 b - a scroll of noise
 f - a scroll of amnesia
 i - a scroll of immolation
Potions
 s - 4 potions of mutation
 t - a potion of berserk rage
 u - a potion of magic {unknown}


   Skills:
 * Level 3.8 Fighting
 * Level 3.5 Axes
 * Level 2.6 Armour
 * Level 2.1 Dodging
 * Level 2.1 Stealth
 * Level 1.9 Unarmed Combat
 * Level 1.7 Spellcasting
 + Level 0.7 Hexes
 * Level 2.3 Necromancy
 + Level 0.7 Alchemy
 + Level 0.7 Evocations


You had 2 spell levels left.
You knew the following spells:

 Your Spells              Type           Power      Damage    Failure   Level
a - Necrotise             Necr           36%        1d5       11%         1
b - Vampiric Draining     Necr           9%         2d6       32%         3
c - Ensorcelled Hibernat  Hex/Ice        4%         N/A       36%         2

Your spell library contained the following spells:

 Spells                   Type           Power      Damage    Failure   Level
 Fugue of the Fallen      Necr           9%         N/A       32%         3
 Anguish                  Hex/Necr       3%         N/A       83%         4
 Martyr's Knell           Necr/Summ      5%         N/A       86%         4
 Curse of Agony           Necr           9%         N/A       96%         5


Dungeon Overview and Level Annotations

Branches:
Dungeon (4/15)              Sewer (1/1)
 Temple: D:4-7

Altars:
Yredelemnul

Shops:
D:2 *


Innate Abilities, Weirdness & Mutations

You are a tree.
Your roots penetrate the ground, keeping you stationary.
You cannot be teleported.
You are immune to unholy pain and torment.
Your maximum health is greatly increased.
Your equipment is partially melded.
((You have sharp fingernails.))
You have a somewhat thin skeletal structure. (Dex +2, Stealth+)
You sometimes gain a little power by taking damage.
((You have large cloven feet.))
((You have a pair of horns on your head.))
You are agile. (Dex +4, Str/Int -1)
Your magical capacity is low. (-10% MP)
You are highly strong-willed. (Will++)
You passively map the area around you.
((You are covered in fur. (AC +1)))


Message History

* * * LOW HITPOINT WARNING * * *
"Serve the mortal, my child!"
The kobold brigand completely misses you.
The kobold barely misses you. The kobold hits you but does no damage.
The bombardier beetle sprays incendiary fluid at you.
The burning spray hits you.
You are even more covered in liquid fire!
The kobold hits you but does no damage.
You slash the kobold brigand!
The kobold brigand suddenly seems more resistant.
The kobold brigand is almost dead.
You hit the kobold but do no damage. You closely miss the kobold.
You slash the kobold! You freeze the kobold.
You kill the kobold!
You closely miss the bombardier beetle. The liquid fire burns you!
* * * LOW HITPOINT WARNING * * *
The kobold brigand hits you but does no damage.
The kobold hits you but does no damage.
The bombardier beetle sprays incendiary fluid at you.
The burning spray hits you.
You are even more covered in liquid fire!
The kobold completely misses you.
The kobold brigand hits you but does no damage.
You slash the bombardier beetle!
You kill the bombardier beetle!
You hit the kobold brigand.
You kill the kobold brigand!
You barely miss the kobold. You slash the kobold!
You kill the kobold!
The liquid fire burns you!
* * * LOW HITPOINT WARNING * * *
The kobold hits you but does no damage.
Your life force feels restored.
Your Dodging skill increases to level 2!
You cannot move.
You slash the kobold!
You kill the kobold!
The liquid fire burns you!
You die...

#......#~≈~#P~P....##
#....~~#~~~#~~.....#
##.P.~P#~≈~#P......#
##...P~~~≈~#.......#
#....~~~~≈~#.......#
###..PP#~≈~#.......#
#....#~≈~#.....###
##§§##~~~##''###
#§♣5.#~≈~#))..#
#§§).#~≈~#....#
#..∩?#~≈~#.∩[.#
#....#~≈~#.P..#
######~≈~######
#...'~~~# #∩∩.#~≈~#
#...#≈≈≈# #########


You could see a friendly iron imp (summoned).

Vanquished Creatures
  2 kobold brigands (Sewer)
  A bombardier beetle (Sewer)
  A hound (D:3)
  An orc priest (D:4)
  Ijyb (D:3)
  An orc wizard (D:4)
  A gnoll (D:2)
  An adder (Sewer)
  A river rat (D:4)
  3 dart slugs
  4 orcs
  9 ball pythons
  8 bats
  2 endoplasms
  3 giant cockroaches
  4 goblins
  2 hobgoblins
  A quokka (D:1)
  3 frilled lizards (D:1)
  13 kobolds
  8 rats
70 creatures vanquished.

Vanquished Creatures (collateral kills)
  3 gnolls (D:2)
  An endoplasm (D:2)
  A hobgoblin (D:2)
  4 jackals (D:2)
  A ball python (D:2)
  A bat (D:2)
11 creatures vanquished.

Vanquished Creatures (others)
  A goblin (D:3)
1 creature vanquished.

Grand Total: 82 creatures vanquished

Notes
Turn   | Place    | Note
-------+----------+-------------------------------------------
     0 | D:1      | ezpacito the Demonspawn Chaos Knight began the quest for
                  | the Orb.
     0 | D:1      | Reached XP level 1. HP: 18/18 MP: 1/1
     4 | D:1      | XOM: divination: detect items
    15 | D:1      | XOM: silly message
    36 | D:1      | Reached skill level 1 in Dodging
    77 | D:1      | XOM: silly message
    89 | D:1      | Gained mutation: You have sharp fingernails. [demonic
                  | ancestry]
    89 | D:1      | Reached XP level 2. HP: 23/24 MP: 2/2
   117 | D:1      | XOM: give mutation
   117 | D:1      | Gained mutation: You are strong-willed. (Will+) [Xom's
                  | grace]
   232 | D:1      | Learned a level 1 spell: Necrotise
   254 | D:1      | XOM: give mutations
   254 | D:1      | Gained mutation: You have hidden genetic potential. [Xom's
                  | grace]
   254 | D:1      | Gained mutation: You are agile. (Dex +4, Str/Int -1) [Xom's
                  | grace]
   254 | D:1      | Gained mutation: You passively map a small area around you.
                  | [Xom's grace]
   265 | D:1      | XOM: scenery: summon butterflies
   325 | D:1      | Gained mutation: You have a somewhat thin skeletal
                  | structure. (Dex +2, Stealth+) [demonic ancestry]
   325 | D:1      | Reached XP level 3. HP: 26/29 MP: 3/3
   358 | D:1      | Gained mutation: You have a pair of small horns on your
                  | head. [hidden potential]
   756 | D:1      | XOM: cloud trail
   842 | D:2      | Reached skill level 1 in Stealth
   844 | D:2      | Reached skill level 1 in Unarmed Combat
   844 | D:2      | Reached skill level 1 in Necromancy
   844 | D:2      | Reached XP level 4. HP: 34/35 MP: 3/5
   853 | D:2      | Gained mutation: You passively map the area around you.
                  | [hidden potential]
   853 | D:2      | Lost mutation: You have hidden genetic potential. [hidden
                  | potential expressed]
   911 | D:2      | Found Riunor Juda's General Store.
   919 | D:2      | Bought a potion of curing for 36 gold pieces
   950 | D:2      | Reached skill level 1 in Spellcasting
   978 | D:2      | XOM: give mutations
   978 | D:2      | Gained mutation: You have large cloven feet. [Xom's grace]
   978 | D:2      | Gained mutation: Your spells are a little harder to cast,
                  | but a little more powerful. [Xom's grace]
  1017 | D:2      | XOM: god gift: scroll labelled SOPNUH HAWUT {god gift}
  1070 | D:2      | XOM: god gift: dagger {god gift}
  1130 | D:2      | XOM: scenery: 2 doors close
  1358 | D:3      | Learned a level 3 spell: Vampiric Draining
  1365 | D:3      | XOM: give mutations
  1365 | D:3      | Gained mutation: You are covered in fur. (AC +1) [Xom's
                  | grace]
  1365 | D:3      | Gained mutation: You are very agile. (Dex +8, Str/Int -2)
                  | [Xom's grace]
  1365 | D:3      | Gained mutation: You are highly strong-willed. (Will++)
                  | [Xom's grace]
  1444 | D:3      | Noticed Ijyb
  1448 | D:3      | XOM: 1-stop teleportation journey
  1588 | D:3      | XOM: confuse monster(s)
  1623 | D:3      | Found a basalt altar of Yredelemnul.
  1625 | D:3      | Noticed a profane servitor
  1676 | D:3      | XOM: god gift: 5 stones
  1737 | D:3      | XOM: god gift: 35 gold pieces
  1748 | D:3      | XOM: silly message
  1749 | D:3      | Gained mutation: You sometimes gain a little power by
                  | taking damage. [demonic ancestry]
  1749 | D:3      | Reached XP level 5. HP: 41/41 MP: 6/6
  1777 | D:3      | XOM: give mutations
  1777 | D:3      | Lost mutation: You passively map the area around you.
                  | [Xom's mischief]
  1777 | D:3      | Lost mutation: You are very agile. (Dex +8, Str/Int -2)
                  | [Xom's mischief]
  1808 | D:3      | XOM: silly message
  2152 | D:3      | Noticed an angel
  2194 | D:3      | XOM: summons 3 hostile demons
  2195 | D:3      | Noticed a sixfirhy
  2195 | D:3      | Noticed a red devil
  2196 | D:3      | HP: 2/41 [red devil/+2 trident of distortion[Xom] (15)]
  2214 | D:2      | XOM: give mutations
  2214 | D:2      | Lost mutation: Your spells are a little harder to cast, but
                  | a little more powerful. [Xom's mischief]
  2214 | D:2      | Gained mutation: You have a pair of horns on your head.
                  | [Xom's mischief]
  2214 | D:2      | Gained mutation: Your magical capacity is low. (-10% MP)
                  | [Xom's mischief]
  2214 | D:2      | Gained mutation: You passively map the area around you.
                  | [Xom's mischief]
  2335 | D:3      | Killed Ijyb
  2433 | D:4      | Learned a level 2 spell: Ensorcelled Hibernation
  2492 | D:4      | Found a glowing drain.
  2506 | D:4      | XOM: stat loss: -1 Dex (17/18)
  2548 | Sewer    | Entered a sewer
  2570 | Sewer    | Reached XP level 6. HP: 47/47 MP: 7/7
  2797 | Sewer    | XOM: torment (24/48 hp)
  2916 | Sewer    | XOM: smoke on damage
  2917 | Sewer    | XOM: summons friendly iron imp
  2919 | Sewer    | HP: 4/100 [burnt (4)]
  2920 | Sewer    | Incinerated by a bombardier beetle

Illustrated notes

Levels and vault maps discovered:
D:1:      eino_arrival_druids_welcome, layout_basic, due_unseen_surprise
D:2:      minmay_skewed_foursquare, layout_rooms, serial_shops, shop
D:3:      layout_loops_ring, grunt_temple_overflow_holy_war, lemuel_tele_altar,
          small_statue_intersection, uniq_ijyb
D:4:      layout_gridville, mainiacjoe_overflow_alcove_1, portal_sewer_entry_b,
          uniq_crazy_yiuf_cottage, uniq_grinder, uniq_natasha
Sewer:    kennysheep_pipe_town

Skill      XL: |  1  2  3  4  5  6 |
---------------+-------------------+-----
Dodging        | 1 2 |  2.1
Armour         | 2 |  2.6
Axes           | 3 |  3.5
Stealth        | 1 2 |  2.1
Unarmed Combat | 1 |  1.9
Necromancy     | 1 2 |  2.3
Spellcasting   | 1 |  1.7
Fighting       | |  3.8
Hexes          | |  0.7
Alchemy        | |  0.7
Evocations     | |  0.7

Action                     |  1- 3 |  4- 6 || total
---------------------------+-------+-------++-------
  Melee: Hand axe          |    65 |    93 ||   158
         Headbutt          |     2 |    13 ||    15
         Kick              |       |    26 ||    26
    Use: Scroll            |       |    12 ||    12
         Potion            |       |     7 ||     7
   Stab: Sleeping          |     4 |     7 ||    11
         Held in net/web   |       |     1 ||     1
 Armour: Leather armour    |    53 |    68 ||   121
         Skin              |       |    25 ||    25
  Dodge: Dodged            |    47 |    78 ||   125

Table legend: (Time is in decaauts)
 A = Elapsed time spent in this place.
 B = Non-inter-level travel time spent in this place.
 C = Inter-level travel time spent in this place.
 D = Time resting spent in this place.
 E = Time spent auto-exploring this place.
 F = Levels seen in this place.
 G = Mean time per level.
                   A        B        C        D        E       F      G
               +--------+--------+--------+--------+--------+-----+--------+
         Total |   2946 |   2824 |    122 |     79 |   2019 |   5 |  589.2 |
       Dungeon |   2565 |   2443 |    122 |     79 |   1736 |   4 |  641.2 |
         Sewer |    380 |    380 |      0 |      0 |    283 |   1 |  380.0 |
               +--------+--------+--------+--------+--------+-----+--------+

Top non-repeatable levels by time:
     D:3: 963 daAuts
     D:1: 845 daAuts
     D:2: 604 daAuts
   Sewer: 380 daAuts
     D:4: 153 daAuts
